 Dungeon Crawl Stone Soup version 0.26.1-11-gd32895ea62 (webtiles) character file.

Game seed: 8980365057986830247

591542 Almogavar the Conqueror (level 26, -5/256 (266) HPs)
             Began as a Minotaur Berserker on Apr 15, 2021.
             Was a High Priest of Trog.
             Killed from afar by a shadow dragon (15 damage)
             ... with a bolt of negative energy
             ... called by a doom hound
             ... on level 5 of Tartarus on Apr 16, 2021.
             The game lasted 04:42:54 (75374 turns).

Almogavar the Conqueror (Minotaur Berserker)       Turns: 75374, Time: 04:42:54

HP:   -5/256 (266)  AC: 34    Str: 38      XL:     26   Next: 69%
MP:   23/23         EV: 28    Int:  4      God:    Trog [*****.]
Gold: 5478          SH: 22    Dex: 15 (16) Spells: 26/26 levels left

rFire    + . .     SeeInvis +   z - +11 whip of Valour {speed, rPois Str+7 Stlth+}
rCold    + . .     Faith    .   h - +1 kite shield {rC+}
rNeg     + . .     Spirit   .   R - +7 storm dragon scales
rPois    +         Reflect  +   o - +2 hat
rElec    +         Harm     .   M - scarf {rC+ rF+}
rCorr    .         Rampage  .   T - +0 pair of fencer's gloves {Riposte Dex+3}
Will     ++...                  Z - +0 pair of boots
Stlth    +.........             u - amulet of reflection
HPRegen  0.52/turn              J - ring of Xom's Full Attention {rElec rC- AC+4 SInv Stlth+}
MPRegen  0.18/turn              k - ring of positive energy

@: berserk cooldown, slowed, lightly drained, very slow
A: retaliatory headbutt, horns 2, deterioration 1, strong-willed 1
}: 2/15 runes: decaying, gossamer
a: Renounce Religion, Berserk, Trog's Hand, Brothers in Arms


You were on level 5 of Tartarus.
You worshipped Trog.
Trog was extremely pleased with you.
You visited 8 branches of the dungeon, and saw 42 of its levels.
You also visited: Ice Cave and Volcano.

You collected 5998 gold pieces.
You spent 520 gold pieces at shops.

Inventory:

Hand Weapons
 w - the +10 demon blade of Hepliaklqana's Regard {freeze, Str+4}
   (You acquired it on level 9 of the Dungeon)

   It has been specially enchanted to freeze those struck by it, causing extra
   injury to most foes and up to half again as much damage against particularly
   susceptible opponents.
   It can also slow down cold-blooded creatures.
   It affects your strength (+4).
 z - the +11 whip of Valour (weapon) {speed, rPois Str+7 Stlth+}
   (You found it on level 5 of the Dungeon)

   Attacks with this weapon are significantly faster.
   It affects your strength (+7).
   It protects you from poison.
   It makes you more stealthy.
 C - a +6 vorpal demon whip
Missiles
 a - 29 silver javelins (quivered)
Armour
 h - a +1 kite shield of cold resistance (worn)
 o - a +2 hat (worn)
 t - a +0 pair of gloves of strength
 F - the +1 cloak of Rodghyg {Int+3 SInv}
   (You found it on level 5 of the Lair of Beasts)

   It affects your intelligence (+3).
   It lets you see invisible.
 G - a +2 cloak of stealth
 K - a +2 chain mail of fire resistance
 M - a scarf of resistance (worn)
 O - a +1 cloak of preservation
 R - +7 storm dragon scales (worn)
 S - the +2 chain mail "Hopo" {Will+ Dex+4 SInv}
   (You found it on level 2 of the Depths)

   It affects your dexterity (+4).
   It affects your willpower, your defense against some magical effects.
   It lets you see invisible.
 T - the +0 pair of fencer's gloves (worn) {Riposte Dex+3}
   (You bought it in a shop on level 1 of the Orcish Mines)

   It affects your dexterity (+3).
 U - a +1 tower shield of protection
 Z - a +0 pair of boots (worn)
Jewellery
 k - a ring of positive energy (right hand)
 l - an uncursed ring of protection from fire
 u - an amulet of reflection (around neck)
 x - an uncursed ring of protection from cold
 A - an uncursed amulet of guardian spirit
 H - an uncursed ring of willpower
 J - the ring of Xom's Full Attention (left hand) {rElec rC- AC+4 SInv Stlth+}
   (You found it on level 6 of the Lair of Beasts)

   [ring of protection]

   It affects your AC (+4).
   It makes you vulnerable to cold.
   It insulates you from electricity.
   It lets you see invisible.
   It makes you more stealthy.
 N - an uncursed ring of flight
 P - a +4 ring of protection
Wands
 e - a wand of digging (4)
 L - a wand of flame (18)
 W - a wand of acid (35)
 Y - a wand of iceblast (8)
Scrolls
 d - 7 scrolls of blinking
 g - 5 scrolls of magic mapping
 q - 10 scrolls of remove curse
 v - 7 scrolls of teleportation
 y - 8 scrolls of fog
 B - 3 scrolls of fear
 E - 7 scrolls of identify
 Q - 2 scrolls of summoning
Potions
 b - 3 potions of cancellation
 f - a potion of heal wounds
 m - 10 potions of might
 n - 3 potions of haste
 p - 27 potions of curing
 s - 13 potions of flight
 D - a potion of invisibility
 V - 5 potions of resistance
Miscellaneous
 c - a phantom mirror
 i - the horn of Geryon (inert)
 j - a phantom mirror
 I - a condenser vane
 X - a lightning rod (4/4)


   Skills:
 O Level 27 Fighting
 + Level 0.9(5.0) Short Blades
 - Level 8.8 Long Blades
 + Level 1.1(7.9) Axes
 - Level 12.0 Maces & Flails
 + Level 1.0(1.5) Polearms
 + Level 1.0(7.8) Staves
 + Level 0.4(8.6) Slings
 + Level 0.6 Bows
 + Level 1.2 Crossbows
 - Level 12.1 Throwing
 - Level 18.0 Armour
 O Level 27 Dodging
 - Level 0.9 Stealth
 - Level 15.2 Shields
 - Level 1.1 Unarmed Combat
 + Level 0.7 Spellcasting
 + Level 0.6 Conjurations
 + Level 0.3 Hexes
 + Level 0.4 Summonings
 + Level 0.5 Necromancy
 + Level 0.4 Translocations
 + Level 0.8 Transmutations
 + Level 0.7 Fire Magic
 + Level 1.0 Ice Magic
 + Level 0.2 Air Magic
 + Level 0.8 Earth Magic
 + Level 1.0 Poison Magic
 + Level 1.2 Invocations
 * Level 17.5 Evocations


You had 26 spell levels left.
You didn't know any spells.
Your spell library was empty.

Dungeon Overview and Level Annotations

Branches:
Dungeon (15/15)            Temple (0/1) D:7            Lair (6/6) D:9
  Swamp (4/4) Lair:4       Spider (4/4) Lair:4        Slime (0/5) Lair:6
    Orc (2/2) D:11            Elf (0/3) Orc:2        Vaults (0/5) D:14
 Depths (5/5) D:15           Hell (visited)             Dis (0/7) Hell
    Geh (0/7) Hell            Tar (5/7) Hell            Zot (0/5) Depths:5
  IceCv (visited)         Volcano (visited)
    Coc: Hell:1

Altars:
Cheibriados
Elyvilon
Fedhas
Kikubaaqudgha
Nemelex Xobeh
Okawaru
Qazlal
Sif Muna
Trog
Vehumet
Wu Jian
Xom
Yredelemnul
Zin
The Shining One
Beogh

Shops:
D:6 (   D:15 *   Orc:1 [   Orc:2 (*[=

Portals:
Hell: Depths:1 Depths:2 Depths:3 Depths:4 Depths:5
Abyss: Depths:3 Depths:4
Pandemonium: Depths:3 Depths:4
Ziggurat: Depths:4

Annotations:
Hell exclusion: ice statue


Innate Abilities, Weirdness & Mutations

You reflexively headbutt those who attack you in melee.
You have a pair of horns on your head.
Your body sometimes deteriorates upon taking damage.
You are strong-willed. (Will+)


Message History

Your deep troll bites the Tzitzimitl!!
Your deep troll misses the Tzitzimitl.
Your deep troll completely misses the Tzitzimitl.
You block the shadow dragon's attack. x3
The stone giant zombie barely misses your hell beast.
The Tzitzimitl engulfs you!
* * * LOW HITPOINT WARNING * * *
The Tzitzimitl bites you.
* * * LOW HITPOINT WARNING * * *
Your hell beast bites the stone giant zombie but does no damage.
Your hell beast tramples the stone giant zombie!
The stone giant zombie holds its ground!
Your deep troll bites the Tzitzimitl!
The Tzitzimitl dies!
Trog accepts your kill.
Your hell beast bites the stone giant zombie!
Your hell beast tramples the stone giant zombie.
The stone giant zombie holds its ground!
The shadow dragon breathes negative energy at you.
The bolt of negative energy hits you! You partially resist.
You feel drained.
You die...

.... ..............# #..
.... .^............# ##
.... ..............# #.##
.... ..............#
##...## ....
..............####.....###
..##
...............##.........
..#
#..............##.........
..#
.......................
... #.....@..............
#...Z2D.#..............
##.....##..............
#....T###....##.......
##..†###.....##.......
#...###..............
#..>##...#...........
#######....#..........
##.....##....#.........


You could see a shadow dragon (catching breath), a stone giant zombie, a
friendly hell beast (summoned) and a friendly deep troll (summoned, berserk).

Vanquished Creatures
  A royal mummy (Depths:2)
  Xtahua (Depths:4)
  A caustic shrike (Depths:4)
  the Lernaean hydra (Swamp:4)
  Saint Roka (Orc:2)
  Geryon (Hell)
  3 golden dragons
  Arachne (Spider:4)
  17 bone dragons
  Nikola (Spider:3)
  A pearl dragon (Depths:1)
  14 doom hounds
  61 Tzitzimimeh
  Jorgrun (Spider:3)
  2 liches (Depths:5)
  A quicksilver dragon (Depths:3)
  Frances (D:13)
  3 sphinxes
  2 ancient champions
  2 storm dragons (Depths:4)
  Kirke (D:14)
  3 tengu reavers
  2 fenstrider witches
  6 draconian monks
  14 shadow dragons
  8 ghost moths
  A revenant (Tar:3)
  A draconian scorcher (Depths:5)
  4 fire giants
  An orc warlord (D:11)
  A cacodemon (Depths:3)
  3 emperor scorpions (Spider:4)
  A balrug (Depths:1)
  2 iron dragons (Depths:4)
  11 frost giants
  40 reapers
  A juggernaut zombie (Depths:2)
  A ghoul (D:15)
  12 stone giants
  3 war gargoyles (Hell)
  A draconian annihilator (Depths:5)
  13 vampire knights
  An ophan (Depths:1)
  4 spriggan defenders
  9 very ugly things
  An apis (Depths:1)
  The ghost of Uqugekk the Slicer, a journeyman MiBe of Trog (Lair:4)
  7 green draconians
  3 entropy weavers
  6 black draconians (Depths:5)
  4 white draconians (Depths:5)
  7 bunyips
  4 red draconians
  A dire elephant (Lair:6)
  A deep elf annihilator (Depths:4)
  5 spark wasps
  6 eleionomae
  4 crystal guardians (Depths:2)
  2 eidola (Tar:3)
  2 merfolk javelineers
  3 blizzard demons
  Snorg (Lair:3)
  3 quicksilver dragon zombies
  11 jiangshi
  6 ettins
  A shambling mangrove (Swamp:4)
  Josephine (D:14)
  9 fire dragons
  9 great orbs of eyes
  2 deep elf high priests (Depths:4)
  3 yaktaur captains (Depths:5)
  The ghost of Almogavar the Carver, a journeyman MiFi of the Shining One (Orc:1)
  7 boulder beetles
  2 rakshasas (Depths:4)
  7 ice dragons
  3 spriggan air magi
  5 ghost crabs
  5 quicksilver dragon skeletons
  18 hydras
  7 alligators
  10 deep troll shamans
  An ogre mage (D:14)
  5 death yaks (Lair:6)
  3 centaur warriors
  2 catoblepae (Lair:6)
  7 deep troll earth magi
  5 tengu warriors
  4 two-headed ogres (D:14)
  17 vampire magi
  11 hell hogs
  2 orc high priests (Orc:2)
  6 spriggan berserkers
  Urug (Lair:3)
  26 soul eaters
  4 large abominations (Depths:4)
  Nergalle (Orc:1)
  Sonja (Lair:3)
  6 slime creatures
  10 sun demons
  16 hell knights
  3 storm dragon zombies
  2 deep elf knights
  6 iron trolls
  132 skeletal warriors
  An iron golem (Hell)
  A gelid demonspawn (Depths:3)
  5 titan skeletons
  5 shadow wraiths
  25 shadow demons
  2 unseen horrors (shapeshifter)
  A spark wasp zombie (Depths:2)
  6 unseen horrors
  16 deep trolls
  2 death drakes
  2 goliath frogs
  An orange crystal statue (Depths:2)
  10 flayed ghosts
  3 glowing orange brains
  A wizard (Depths:2)
  11 bog bodies
  3 anaconda zombies
  10 swamp dragons
  5 spriggan druids
  6 orc knights
  4 golden dragon skeletons
  Pikel (D:4)
  8 necromancers
  14 orb spiders
  2 shadow dragon zombies
  3 anaconda skeletons
  3 lindwurms (Depths:5)
  11 phantasmal warriors
  29 wolf spiders
  34 ugly things
  4 oklob plants (Lair:6)
  2 frost giant zombies
  2 stone giant zombies
  2 deep elf magi (D:14)
  2 spectral ettins (Tar:3)
  3 wolf spider zombies
  2 orc sorcerers (Orc:2)
  2 fire giant zombies
  3 cyclopes
  4 shadow dragon skeletons
  3 dire elephant zombies
  2 spriggan zombies (Depths:2)
  3 moths of wrath
  3 stone giant skeletons
  2 centaur zombies (D:15)
  25 elephants
  4 will-o-the-wisps
  A fire giant skeleton (Tar:4)
  A molten gargoyle (Depths:5)
  2 shock serpent zombies
  2 black mambas
  A black mamba (shapeshifter) (Depths:5)
  Joseph (D:9)
  16 cane toads
  5 iron dragon skeletons
  A smoke demon (Volcano)
  Psyche (D:8)
  5 rust devils
  4 dire elephant skeletons
  2 gargoyles
  2 ice statues (IceCv)
  2 orange demons (Depths:4)
  7 frost giant skeletons
  Maggie (D:8)
  7 centaur skeletons
  An emperor scorpion zombie (Tar:1)
  7 hellions
  3 shock serpent skeletons
  A rime drake (Lair:5)
  3 torpor snails
  13 yaktaurs
  A redback zombie (D:15)
  8 komodo dragons
  8 ice devils
  22 tormentors
  6 tengu conjurers
  3 meliai (D:15)
  4 red devils
  7 demonic crawlers
  A harpy zombie (D:15)
  5 hydra zombies
  17 freezing wraiths
  18 polar bears
  4 guardian mummies
  7 trolls
  2 bloated husks
  10 silent spectres
  20 jumping spiders
  4 wind drakes (Depths:5)
  A polar bear (shapeshifter) (Depths:1)
  7 tyrant leeches
  15 blink frogs
  2 alligator zombies (Hell)
  22 hornets
  3 harpy skeletons
  4 fire dragon zombies
  6 dream sheep
  2 black mamba zombies (Tar:4)
  A ynoxinul (Depths:4)
  34 flying skulls
  37 redbacks
  An air elemental (D:12)
  4 ice dragon skeletons
  2 fire dragon skeletons
  2 ettin skeletons
  20 spriggans
  8 hydra skeletons
  4 wyverns
  17 tarantellas
  13 water elementals
  102 yaks
  17 shadows
  A hog (shapeshifter) (D:14)
  3 black mamba skeletons
  7 fire elementals
  25 wraiths
  18 vampire mosquitoes
  4 basilisks
  4 chaos spawn (Depths:4)
  5 hogs
  A neqoxec (Depths:3)
  2 wargs
  17 swamp worms
  17 water moccasins
  An acid dragon (D:15)
  A hydra simulacrum (Hell)
  2 cane toad zombies (Hell)
  4 cane toad skeletons
  A floating eye (Depths:4)
  Duvessa (D:5)
  69 hell hounds
  A merfolk skeleton (Tar:1)
  10 swamp drakes
  4 black bears
  6 phantoms
  A manticore zombie (Tar:1)
  36 orc warriors
  2 sky beasts
  An ice dragon simulacrum (Tar:3)
  10 ice beasts
  4 snapping turtle zombies
  An alligator simulacrum (Hell)
  49 necrophages
  A swamp dragon zombie (Tar:3)
  23 wolves
  A snapping turtle skeleton (Tar:4)
  An eye of draining (shapeshifter) (Depths:1)
  A manticore skeleton (Tar:2)
  18 ogres
  11 boggarts (Depths:2)
  14 centaurs
  A swamp dragon skeleton (Tar:1)
  A lemure (D:4)
  An elf zombie (Hell)
  2 big kobolds
  27 bullfrogs
  An earth elemental (D:12)
  A gnoll sergeant (D:7)
  A wyvern skeleton (D:14)
  4 scorpions
  Dowan (D:5)
  A spectral ogre (Tar:4)
  10 killer bees
  2 electric eels (D:9)
  83 wights
  5 howler monkeys
  4 crimson imps
  8 hounds
  23 orc priests
  4 jellies
  24 orc wizards
  A bullfrog skeleton (D:9)
  Jessica (D:2)
  4 iguanas
  Ijyb (D:4)
  13 worker ants
  Natasha (thrice) (D:4)
  3 small abominations (Depths:4)
  A naga zombie (Tar:2)
  An ogre zombie (Tar:1)
  A human simulacrum (Tar:4)
  A naga skeleton (Tar:2)
  A hound zombie (D:8)
  A hound skeleton (D:4)
  Robin (D:2)
  5 mummies
  A worker ant zombie (D:5)
  14 gnolls
  11 adders
  31 shadow imps
  3 white imps
  2 ufetubi
  5 oozes
  6 dart slugs
  3 worms
  2 leopard geckos
  83 orcs
  4 giant cockroaches
  17 goblins
  10 hobgoblins
  3 jackals (D:7)
  A quokka (D:2)
  3 ball pythons (D:5)
  13 bats
  6 frilled lizards
  9 kobolds
  A leopard gecko skeleton (D:6)
  An orc skeleton (Tar:5)
  An orc zombie (Tar:5)
  A quokka zombie (D:6)
  3 rats
2406 creatures vanquished.

Vanquished Creatures (collateral kills)
  A doom hound (Tar:5)
  2 bone dragons
  2 Tzitzimimeh
  A reaper (Tar:4)
  3 skeletal warriors (Tar:1)
  A hell knight (Hell)
  A shadow demon (Tar:2)
  A phantasmal warrior (Tar:3)
  A lindwurm (Depths:5)
  A necromancer (Hell)
  A wolf spider (Spider:3)
  A fire dragon skeleton (Tar:4)
  A tarantella (Spider:3)
  2 fire elementals (Hell)
  A wight (Tar:1)
20 creatures vanquished.

Vanquished Creatures (others)
  A lorocyproca (Hell)
  An ettin (Depths:3)
  A water elemental (D:12)
  2 humans (D:14)
  2 foxfires (Swamp:3)
  24 fungi
  A lost soul (Tar:3)
  45 plants
  3 withered plants (D:15)
80 creatures vanquished.

Grand Total: 2506 creatures vanquished

Notes
Turn   | Place    | Note
-------+----------+-------------------------------------------
     0 | D:1      | Almogavar the Minotaur Berserker began the quest for the
                  | Orb.
     0 | D:1      | Reached XP level 1. HP: 19/19 MP: 0/0
   327 | D:1      | Reached XP level 2. HP: 26/27 MP: 1/1
  1327 | D:2      | Reached XP level 3. HP: 31/33 MP: 2/2
  1327 | D:2      | Noticed Robin
  1353 | D:2      | Reached ** piety under Trog
  1355 | D:2      | Killed Robin
  1388 | D:2      | Found a stormy altar of Qazlal.
  1463 | D:2      | Reached XP level 4. HP: 33/41 MP: 3/3
  1897 | D:2      | Noticed Jessica
  1899 | D:2      | Found a white marble altar of Elyvilon.
  1907 | D:2      | Killed Jessica
  1908 | D:2      | Reached skill level 5 in Long Blades
  2132 | D:2      | Found a basalt altar of Yredelemnul.
  2247 | D:3      | Reached XP level 5. HP: 47/47 MP: 4/4
  2771 | D:3      | Reached *** piety under Trog
  2792 | D:3      | Found an ornate altar of the Wu Jian Council.
  2866 | D:3      | Found a blossoming altar of Fedhas.
  3106 | D:3      | Reached XP level 6. HP: 53/55 MP: 5/5
  3307 | D:3      | Found an ancient bone altar of Kikubaaqudgha.
  3313 | D:3      | Found a glowing golden altar of the Shining One.
  3314 | D:3      | Found a snail-covered altar of Cheibriados.
  3314 | D:3      | Found a radiant altar of Vehumet.
  3319 | D:3      | Found a shimmering altar of Xom.
  3558 | D:4      | Noticed Natasha
  3563 | D:4      | Killed Natasha
  3577 | D:4      | Noticed Natasha
  3847 | D:4      | Killed Natasha
  3848 | D:4      | Noticed Natasha
  3860 | D:4      | Killed Natasha
  3951 | D:4      | Reached skill level 5 in Fighting
  4009 | D:4      | Noticed Ijyb
  4019 | D:4      | Killed Ijyb
  4101 | D:4      | Noticed Pikel
  4116 | D:4      | Killed Pikel
  4117 | D:4      | Reached skill level 5 in Armour
  4117 | D:4      | Reached skill level 1 in Shields
  4117 | D:4      | Reached skill level 1 in Unarmed Combat
  4117 | D:4      | Reached XP level 7. HP: 62/62 MP: 6/6
  4122 | D:4      | Reached XP level 8. HP: 70/70 MP: 7/7
  4512 | D:5      | Entered Level 5 of the Dungeon
  4512 | D:5      | Noticed Duvessa
  4512 | D:5      | Noticed Dowan
  4518 | D:5      | Killed Dowan
  4526 | D:5      | Killed Duvessa
  4831 | D:5      | Reached **** piety under Trog
  4847 | D:5      | Got an iridescent whip
  4848 | D:5      | Identified the +11 whip of Valour {speed, rPois Str+7
                  | Stlth+} (You found it on level 5 of the Dungeon)
  4863 | D:5      | Reached skill level 1 in Maces & Flails
  5562 | D:6      | Found a glowing silver altar of Zin.
  5646 | D:6      | Found Ikiepposs's Antique Weapon Emporium.
  5658 | D:6      | Reached XP level 9. HP: 78/78 MP: 8/8
  5754 | D:6      | Reached skill level 1 in Throwing
  6012 | D:7      | Reached skill level 5 in Maces & Flails
  6088 | D:7      | Found an iron altar of Okawaru.
  6094 | D:7      | Found a staircase to the Ecumenical Temple.
  6101 | D:7      | Found a bloodstained altar of Trog.
  6129 | D:7      | Found a sparkling altar of Nemelex Xobeh.
  6177 | D:7      | Noticed a polar bear
  6178 | D:7      | Found a huge runed translucent gate.
  6179 | D:7      | Found a huge runed translucent gate.
  6179 | D:7      | Noticed a polar bear
  6180 | D:7      | Found a huge runed translucent gate.
  6180 | D:7      | Noticed a polar bear
  6180 | D:7      | Noticed a polar bear
  6228 | D:7      | Found a huge runed translucent gate.
  6581 | D:7      | Killed a polar bear
  6583 | D:7      | Killed a polar bear
  6586 | D:7      | Killed a polar bear
  6594 | D:7      | Reached XP level 10. HP: 86/86 MP: 9/9
  6619 | D:7      | Reached skill level 10 in Maces & Flails
  6624 | D:7      | Reached ***** piety under Trog
  6649 | D:8      | Noticed Psyche
  6659 | D:8      | Killed Psyche
  6818 | D:8      | Noticed Maggie
  6829 | D:8      | Killed Maggie
  7601 | D:9      | Found a shimmering blue altar of Sif Muna.
  7777 | D:9      | Found a staircase to the Lair.
  7802 | D:9      | Reached skill level 5 in Shields
  8030 | D:9      | Reached XP level 11. HP: 95/95 MP: 10/10
  8285 | D:9      | Noticed Joseph
  8303 | D:9      | Killed Joseph
  8603 | D:10     | Entered Level 10 of the Dungeon
  8618 | D:10     | Reached skill level 5 in Dodging
  8644 | D:10     | Received a gift from Trog
  8825 | D:10     | Reached skill level 10 in Armour
  8998 | D:10     | Noticed a purple ugly thing
  9009 | D:10     | Killed a purple ugly thing
  9391 | D:11     | Found a staircase to the Orcish Mines.
 10075 | Orc:1    | Entered Level 1 of the Orcish Mines
 10075 | Orc:1    | Noticed an orc warlord
 10097 | D:11     | Killed an orc warlord
 10249 | Orc:1    | Reached skill level 10 in Fighting
 10256 | Orc:1    | Found a runed translucent door.
 10270 | Orc:1    | Noticed Almogavar's ghost (journeyman MiFi)
 10293 | Orc:1    | Noticed Nergalle
 10317 | Orc:1    | Killed Nergalle
 10340 | Orc:1    | Received a gift from Trog
 10341 | Orc:1    | Found Xemuwob's Armour Emporium.
 10562 | Orc:1    | Bought the +0 pair of fencer's gloves {Riposte Dex+3} for
                  | 520 gold pieces
 10562 | Orc:1    | Found the +0 pair of fencer's gloves {Riposte Dex+3}
 10691 | Orc:1    | Killed Almogavar's ghost
 10712 | Orc:2    | Entered Level 2 of the Orcish Mines
 10719 | Orc:2    | Noticed an orc high priest
 10854 | Orc:2    | Killed an orc high priest
 10855 | Orc:2    | Reached XP level 12. HP: 91/108 MP: 11/11
 11502 | Orc:1    | Reached ****** piety under Trog
 11962 | Orc:2    | Noticed Saint Roka
 13007 | Orc:2    | Noticed an orc high priest
 13227 | Orc:2    | Paralysed by an orc sorcerer for 5 turns
 13467 | Orc:2    | Reached skill level 5 in Throwing
 13743 | Orc:2    | Found a roughly hewn altar of Beogh.
 13762 | Orc:2    | Killed Saint Roka
 13766 | Orc:2    | Killed an orc high priest
 13768 | Orc:2    | Found Jaaheve's Antique Weapon Shop.
 13949 | Orc:2    | Found Datodgha's Antique Armour Shop.
 13993 | Orc:2    | Found Ugid's General Store.
 14020 | Orc:2    | Found a staircase to the Elven Halls.
 14131 | Orc:2    | Found a roughly hewn altar of Beogh.
 14349 | Orc:2    | Found Fease's Jewellery Shop.
 14537 | Lair:1   | Entered Level 1 of the Lair of Beasts
 14779 | Lair:1   | Received a gift from Trog
 14790 | Lair:1   | Reached XP level 13. HP: 96/117 MP: 12/12
 15281 | Lair:2   | Found a dark tunnel.
 15300 | Volcano  | Entered a volcano
 17044 | Lair:3   | Noticed Urug
 17057 | Lair:3   | Killed Urug
 17060 | Lair:3   | Noticed Sonja
 17074 | Lair:3   | Killed Sonja
 17074 | Lair:3   | Received a gift from Trog
 17075 | Lair:3   | Reached skill level 15 in Armour
 17358 | Lair:3   | Noticed Snorg
 17395 | Lair:3   | Killed Snorg
 17712 | Lair:4   | Found a hole to the Spider Nest.
 17895 | Lair:4   | Found a staircase to the Swamp.
 17997 | Lair:4   | Reached XP level 14. HP: 114/130 MP: 13/13
 18049 | Lair:4   | Noticed Uqugekk's ghost (journeyman MiBe)
 18049 | Lair:4   | Identified the +6 trident of Dismemberment {antimagic, +Fly
                  | rC- Dex+5}
 18052 | Lair:4   | Found a transporter.
 18062 | Lair:4   | Found a bloodstained altar of Trog.
 18069 | Lair:4   | Found a transporter.
 18227 | Lair:4   | Lost intelligence.
 19645 | Lair:5   | Got an encrusted cloak
 19656 | Lair:5   | Identified the +1 cloak of Rodghyg {Int+3 SInv} (You found
                  | it on level 5 of the Lair of Beasts)
 19702 | Lair:5   | Received a gift from Trog
 20144 | Lair:6   | Entered Level 6 of the Lair of Beasts
 20251 | Lair:6   | Reached skill level 15 in Fighting
 20297 | Lair:6   | Found a staircase to the Slime Pits.
 20785 | Lair:6   | Reached skill level 10 in Shields
 21309 | Lair:6   | Reached XP level 15. HP: 140/143 MP: 14/14
 21389 | Lair:6   | Received a gift from Trog
 21750 | Lair:6   | Got a steaming silver ring
 21752 | Lair:6   | Identified the ring of Xom's Full Attention {rElec rC- AC+4
                  | SInv Stlth+} (You found it on level 6 of the Lair of
                  | Beasts)
 22384 | D:12     | Found a large runed translucent door.
 22384 | D:12     | Found a large runed translucent door.
 23287 | D:13     | Noticed Frances
 23298 | D:13     | Killed Frances
 23325 | D:13     | Found a frozen archway.
 23390 | IceCv    | Entered an ice cave
 24033 | IceCv    | Noticed a frost giant
 24051 | IceCv    | Killed a frost giant
 24978 | D:14     | Noticed Kirke
 24980 | D:14     | Noticed a sphinx
 24982 | D:14     | Received a gift from Trog
 25015 | D:14     | Killed Kirke
 25692 | D:14     | Found a gate to the Vaults.
 25771 | D:14     | Identified the Reference Book on the Cloudy Snowflakes
 25897 | D:14     | Noticed Josephine
 25901 | D:14     | Reached XP level 16. HP: 154/154 MP: 15/15
 25919 | D:14     | Killed Josephine
 25942 | D:14     | Reached skill level 15 in Shields
 26151 | D:14     | Received a gift from Trog
 26440 | D:14     | Found a shimmering blue altar of Sif Muna.
 26808 | D:15     | Entered Level 15 of the Dungeon
 27154 | D:15     | Found a staircase to the Depths.
 27339 | D:15     | Found a shimmering blue altar of Sif Muna.
 27542 | D:15     | Found Acsoppie's Assorted Antiques.
 28064 | D:9      | Identified a scroll of acquirement
 28064 | D:9      | Acquired the +10 demon blade of Hepliaklqana's Regard
                  | {freeze, Str+4}
 28180 | Lair:4   | Killed Uqugekk's ghost
 28224 | Lair:4   | Reached skill level 10 in Throwing
 28294 | Swamp:1  | Entered Level 1 of the Swamp
 29366 | Swamp:2  | Received a gift from Trog
 30059 | Swamp:3  | Found a shimmering altar of Xom.
 30445 | Swamp:3  | Reached XP level 17. HP: 165/166 MP: 16/16
 31047 | Swamp:4  | Entered Level 4 of the Swamp
 31601 | Swamp:4  | Received a gift from Trog
 32387 | Swamp:4  | Noticed the 27-headed Lernaean hydra
 32398 | Swamp:4  | Killed the 27-headed Lernaean hydra
 32596 | Swamp:4  | Got a decaying rune of Zot
 33261 | Spider:1 | Entered Level 1 of the Spider Nest
 33978 | Spider:2 | Reached skill level 1 in Evocations
 35152 | Spider:3 | Received a gift from Trog
 35401 | Spider:3 | Noticed Jorgrun
 35421 | Spider:3 | Killed Jorgrun
 35422 | Spider:3 | Reached skill level 10 in Dodging
 35542 | Spider:3 | Noticed Nikola
 35563 | Spider:3 | Killed Nikola
 35564 | Spider:3 | Reached XP level 18. HP: 163/178 MP: 14/17
 35939 | Spider:4 | Entered Level 4 of the Spider Nest
 36664 | Spider:4 | Received a gift from Trog
 36872 | Spider:4 | Noticed Arachne
 36900 | Spider:4 | Reached skill level 5 in Evocations
 37803 | Spider:4 | Got a gossamer rune of Zot
 37929 | Spider:4 | Killed Arachne
 37929 | Spider:4 | Received a gift from Trog
 38282 | Depths:1 | Entered Level 1 of the Depths
 38508 | Depths:1 | Got an ichor-stained chain mail
 38519 | Depths:1 | Identified the +7 chain mail of the Kangaroo {rC+} (You
                  | found it on level 1 of the Depths)
 38585 | Depths:1 | Noticed a pearl dragon
 38600 | Depths:1 | Killed a pearl dragon
 38662 | Depths:1 | Found a glowing silver altar of Zin.
 38662 | Depths:1 | Found a glowing golden altar of the Shining One.
 38662 | Depths:1 | Found a white marble altar of Elyvilon.
 39206 | Depths:1 | Reached XP level 19. HP: 165/191 MP: 13/18
 39215 | Depths:1 | Found a gateway to Hell.
 40059 | Depths:2 | Received a gift from Trog
 40060 | Depths:2 | Found the +7 great mace "Undeadhunter" {disrupt, rN+}
 41119 | Depths:2 | Noticed a royal mummy
 41130 | Depths:2 | Killed a royal mummy
 41150 | Depths:2 | Got a crude chain mail
 41151 | Depths:2 | Identified the +2 chain mail "Hopo" {Will+ Dex+4 SInv} (You
                  | found it on level 2 of the Depths)
 41601 | Depths:2 | Found a runed translucent door.
 42003 | Depths:2 | Paralysed by a great orb of eyes for 3 turns
 42252 | Depths:2 | Acquired a +1 tower shield of protection
 42831 | Depths:3 | Found a one-way gate to the infinite horrors of the Abyss.
 43193 | Depths:3 | Noticed a golden dragon
 43231 | Depths:3 | Killed a golden dragon
 44876 | Depths:3 | Received a gift from Trog
 44877 | Depths:3 | Reached XP level 20. HP: 205/205 MP: 19/19
 44880 | Depths:3 | Found a one-way gate leading to the halls of Pandemonium.
 44887 | Depths:3 | Gained mutation: You are strong-willed. (Will+) [a
                  | cacodemon]
 44893 | Depths:3 | Gained mutation: Your body sometimes deteriorates upon
                  | taking damage. [a cacodemon]
 45349 | Depths:4 | You fall into a shaft and drop 1 floor!
 45349 | Depths:5 | Entered Level 5 of the Depths
 46528 | Depths:4 | Received a gift from Trog
 46535 | Depths:4 | HP: 8/209 [frost giant/bolt of cold (29)]
 46535 | Depths:4 | Paralysed by a floating eye for 2 turns
 47152 | Depths:4 | Noticed Xtahua
 47181 | Depths:4 | Killed Xtahua
 47612 | Depths:4 | Noticed a golden dragon
 47646 | Depths:4 | Killed a golden dragon
 48723 | Depths:4 | Reached XP level 21. HP: 195/218 MP: 20/20
 48926 | Depths:4 | Noticed a caustic shrike
 48940 | Depths:4 | Killed a caustic shrike
 49230 | Depths:4 | Reached skill level 10 in Evocations
 49292 | Depths:4 | Received a gift from Trog
 49515 | Depths:4 | Found a gateway to a ziggurat.
 50395 | Depths:5 | Found a gate to the Realm of Zot.
 50395 | Depths:5 | Noticed a golden dragon
 50463 | Depths:5 | Killed a golden dragon
 52552 | Hell     | Entered the Vestibule of Hell
 52552 | Hell     | Noticed Geryon
 53151 | Depths:5 | Received a gift from Trog
 53688 | Hell     | Killed Geryon
 53689 | Hell     | Reached skill level 27 in Fighting
 53947 | Hell     | Reached XP level 22. HP: 233/233 MP: 21/21
 53958 | Hell     | Found a gateway to the Iron City of Dis.
 54029 | Hell     | Reached skill level 15 in Dodging
 55124 | Hell     | Found a gateway to the ashen valley of Gehenna.
 55209 | Hell     | Found a gateway to the decaying netherworld of Tartarus.
 55358 | Tar:1    | Entered Level 1 of Tartarus
 55435 | Tar:1    | Received a gift from Trog
 57762 | Tar:1    | Received a gift from Trog
 58678 | Tar:1    | Reached XP level 23. HP: 119/240 MP: 22/22
 61040 | Tar:2    | Received a gift from Trog
 62290 | Tar:2    | Received a gift from Trog
 63169 | Tar:3    | You fall into a shaft and drop 1 floor!
 63379 | Tar:4    | Received a gift from Trog
 64018 | Tar:3    | Reached XP level 24. HP: 237/238 MP: 22/22
 65459 | Tar:3    | Received a gift from Trog
 66047 | Tar:3    | Reached skill level 15 in Evocations
 67595 | Tar:2    | Received a gift from Trog
 68176 | Tar:3    | Reached XP level 25. HP: 257/257 MP: 22/22
 69890 | Tar:4    | Received a gift from Trog
 72495 | Tar:4    | Received a gift from Trog
 72755 | Tar:4    | Reached XP level 26. HP: 186/262 MP: 22/22
 73797 | Tar:5    | Reached skill level 27 in Dodging
 74429 | Tar:4    | Received a gift from Trog
 75130 | Tar:5    | Reached skill level 1 in Crossbows
 75178 | Tar:5    | Received a gift from Trog
 75179 | Tar:5    | Reached skill level 1 in Axes
 75179 | Tar:5    | Reached skill level 1 in Staves
 75233 | Tar:5    | Reached skill level 1 in Invocations
 75323 | Tar:5    | Reached skill level 1 in Ice Magic
 75368 | Tar:5    | Reached skill level 1 in Polearms
 75368 | Tar:5    | Reached skill level 1 in Poison Magic
 75373 | Tar:5    | HP: 9/262 [Tzitzimitl[a doom hound] (6)]
 75374 | Tar:5    | Killed from afar by a shadow dragon

Illustrated notes

Levels and vault maps discovered:
D:1:      minmay_arrival_solitary_statue, layout_basic, kennysheep_small_spiral,
          dk_noncrumbling_2
D:2:      layout_rooms, kennysheep_ying_yang, nicolae_qazlal_general_emergency,
          chequers_serial_rivers_micro_c, minmay_misc_feat_more_columns,
          uniq_jessica, uniq_robin
D:3:      layout_loops_corners, minitemple, lemuel_round_altar,
          pdpol_wu_jian_five_deadly_venoms, skrybe_limestone_x
D:4:      layout_cave_pools, hangedman_decor_opposing, glass_columns_a,
          uniq_natasha, uniq_pikel, uniq_ijyb
D:5:      layout_loops_ring, uniq_duvessa
D:6:      layout_cave_pools, zin_statuary, serial_shops, shop,
          dk_rats_in_the_wall
D:7:      lemuel_bear_cage, layout_gridville, nemelex_xobeh_ov_fountains_minmay,
          okawaru_trees_2, minmay_temple_entry_stoned_glass, basic_altar
D:8:      layout_loops_cross, uniq_maggie, uniq_psyche
D:9:      layout_irregular_city, erik_lair_island, basic_altar, uniq_joseph
D:10:     layout_small_grid, minmay_statues_item
D:11:     layout_roguey, orc_0_dummy, hive_lemuel
D:12:     wad_woods_structure_01, layout_irregular_city,
          lightli_elemental_guards
D:13:     kennysheep_blocky_hall, layout_loops_ring,
          portal_ice_cave_entry_ice_beasts, uniq_frances
D:14:     layout_stronghold, hangedman_vaults_entry_quadrant_bands, tgw_sif,
          minivault_20, uniq_kirke, uniq_josephine
D:15:     grunt_enter_depths_giant_problem, layout_rooms, serial_shops,
          nicolae_shop_overgrown_old_shop, serial_bayou_pond_e, serial_undead,
          serial_undead_e, serial_undead_a, serial_undead_c, serial_undead_e,
          lemuel_statue_altar
Lair:1:   layout_roguey
Lair:2:   layout_loops_ring, enter_volcano_2
Lair:3:   layout_cave_pods, beast_lair_carwin_3, serial_bayou_shore_b,
          uniq_sonja, uniq_urug, uniq_snorg
Lair:4:   layout_cave_pods, swamp_mist_pool, spider_nest_entry_a,
          gammafunk_ghost_wrathful_warriors
Lair:5:   layout_roguey, st_stairs_7
Lair:6:   grunt_lair_end_beastmaster, layout_cellular_growth,
          nicolae_slime_entry_slimehenge, serial_bayou_pond_c,
          minmay_lair_oklob_chamber
Swamp:1:  layout_falls_marsh, evilmike_swamp_ruin_house_2
Swamp:2:  layout_basic_swamp, evilmike_swamp_ruin_house_1, swamp_pool3,
          infiniplex_staircase_pool
Swamp:3:  cheibrodos_swamp_heart_of_darkness, layout_basic_swamp, basic_altar,
          swamp_pool2
Swamp:4:  grunt_swamp_rune_castle, layout_basic_swamp, swamp_pool1
Spider:1: layout_spider_delve
Spider:2: layout_chambers, nicolae_spider_cling_halls
Spider:3: layout_spider_delve, uniq_jorgrun, uniq_nikola
Spider:4: johnstein_spider_rune_arachne_lair, uniq_arachne
Orc:1:    cheibrodos_orc_arena, layout_diamond_mine, ebering_ghost_inner_flame,
          serial_shops, shop, uniq_nergalle
Orc:2:    grunt_orc_cross, layout_caves, basic_altar
Depths:1: layout_basic, lightli_too_deep, chequers_serial_rivers_large_a,
          hallowed_hall
Depths:2: lemuel_minitomb, layout_basic, interstate_on_off, pf_coc_iceberg,
          minmay_crystal_box, grunt_megastairs_1,
          infiniplex_staircase_pillars_1, serial_bayou_shore_b
Depths:3: hangedman_arch_fort, layout_basic, rand_demon_pan_entry_4,
          serial_bayou_shore_a, hangedman_abyss_entry_splay, hell_entry
Depths:4: kennysheep_snake, layout_cave_shapes, enter_ziggurat_a,
          minmay_room_of_horrors, rand_demon_pan_entry_1, hell_entry,
          minmay_stone_trees_small, infiniplex_staircase_zigzag_1, uniq_xtahua
Depths:5: lemuel_castle_with_subvaults [lemuel_castle_interior_carwin_1],
          layout_gridlike, minmay_fountain_box, pf_vacation_house_of_asmodeus
Hell
Tar:1:    layout_cathedral_of_symmetry
Tar:2:    layout_cathedral_of_symmetry, grunt_megastairs_3
Tar:3:    hangedman_damned_closets, layout_grid_maze
Tar:4:    hangedman_tartarus_silent_blood_keep, layout_cathedral_of_symmetry,
          grunt_tartarus_stairs_gauntlet_trap
Tar:5:    layout_cathedral_of_symmetry, hangedman_snap_crack_crunch

Skill      XL: |  1  2  3  4  5  6  7  8  9 10 11 12 13 14 15 16 17 18 19 20 21 22 23 24 25 26 |
---------------+-------------------------------------------------------------------------------+-----
Fighting       | 4 5 6 7 8 10 11 13 15 16 18 19 21 23 25 27 | 27.0
Long Blades    | 4 5 6 8 |  8.8
Dodging        | 3 4 5 6 7 8 10 11 12 13 14 18 21 23 26 27 | 27.0
Armour         | 3 5 7 8 9 12 13 15 16 17 18 | 18.0
Shields        | 1 3 4 5 6 7 10 14 15 | 15.2
Unarmed Combat | 1 |  1.1
Maces & Flails | 3 9 12 | 12.0
Throwing       | 1 3 7 8 9 11 12 | 12.1
Evocations     | 3 6 8 9 11 13 14 15 16 17 | 17.5
Crossbows      | 1 |  1.2
Axes           | 1 |  1.1
Staves         | 1 |  1.0
Invocations    | 1 |  1.2
Ice Magic      | 1 |  1.0
Polearms       | 1 |  1.0
Poison Magic   | 1 |  1.0
Short Blades   | |  0.9
Slings         | |  0.4
Bows           | |  0.6
Stealth        | |  0.9
Spellcasting   | |  0.7
Conjurations   | |  0.6
Hexes          | |  0.3
Summonings     | |  0.4
Necromancy     | |  0.5
Translocations | |  0.4
Transmutations | |  0.8
Fire Magic     | |  0.7
Air Magic      | |  0.2
Earth Magic    | |  0.8

Action                   |  1- 3 |  4- 6 |  7- 9 | 10-12 | 13-15 | 16-18 | 19-21 | 22-24 | 25-27 || total
-------------------------+-------+-------+-------+-------+-------+-------+-------+-------+-------++-------
Melee: Falchion          |    55 |   164 |    41 |       |       |       |       |       |       ||   260
       Headbutt          |    10 |    35 |    45 |   194 |   592 |   629 |  1006 |  1391 |   878 ||  4780
       Unarmed           |       |    11 |       |       |       |       |       |       |       ||    11
       Whip              |       |       |   129 |   694 |  1558 |  1745 |  2388 |  3222 |  1942 || 11678
       Punch             |       |       |       |     1 |     7 |       |       |       |       ||     8
Throw: Dart              |       |       |     4 |    91 |     5 |       |       |       |       ||   100
       Boomerang         |       |       |       |       |    17 |   316 |   178 |    30 |    42 ||   583
       Javelin           |       |       |       |       |       |       |       |     2 |     8 ||    10
Invok: Berserk           |     1 |     2 |     4 |     6 |    12 |     6 |     6 |    38 |    23 ||    98
       Trog's Hand       |       |       |     1 |     2 |     4 |     6 |     1 |       |       ||    14
       Brothers in Arms  |       |       |       |       |       |     2 |     4 |     6 |     3 ||    15
 Abil: Evoke Flight      |       |       |       |       |       |     1 |     1 |       |       ||     2
Evoke: Wand              |       |       |       |       |     1 |       |     2 |     3 |       ||     6
       Lightning rod     |       |       |       |       |       |       |     8 |       |       ||     8
       Horn of Geryon    |       |       |       |       |       |       |       |       |     1 ||     1
  Use: Scroll            |       |     6 |     6 |     4 |    16 |    17 |     6 |     5 |     3 ||    63
       Potion            |       |       |       |       |     1 |       |     3 |     2 |     4 ||    10
 Stab: Sleeping          |     1 |       |       |       |       |       |       |       |       ||     1
       Petrified         |       |       |       |       |    10 |       |       |       |       ||    10
       Petrifying        |       |       |       |       |     3 |       |       |       |       ||     3
       Distracted        |       |       |       |       |       |     1 |       |       |       ||     1
Armor: Animal skin       |    16 |     2 |       |       |       |       |       |       |       ||    18
       Chain mail        |       |    68 |    52 |   101 |   213 |       |       |       |       ||   434
       Plate armour      |       |       |       |       |    91 |    66 |       |       |       ||   157
       Storm dragon scal |       |       |       |       |       |   350 |   425 |   423 |   243 ||  1441
Dodge: Dodged            |    42 |   110 |    60 |   149 |   306 |   414 |   471 |   745 |   578 ||  2875
Block: Other             |       |    15 |    31 |    77 |       |       |       |       |       ||   123
       Reflection        |       |       |     3 |     3 |    16 |       |    17 |       |       ||    39
       Kite shield       |       |       |       |       |   337 |   791 |   995 |  1602 |  1041 ||  4766
       Rpst.: Falchion   |     9 |    26 |     3 |       |       |       |       |       |       ||    38
       Whip              |       |       |       |    18 |    56 |    41 |    66 |   112 |   106 ||   399
